Description

Scarlett vs Future Game 3

Replay - Future v Scarlett - [ESL] Oceanborn

Build Order

Get SALT Encoding   

  12  0:00  Drone  
  13  0:12  Overlord  
  13  0:17  Drone  
  14  0:30  Drone x2  
  16  0:46  Hatchery  
  15  0:51  Drone x2  
  17  0:57  Drone  
  18  1:08  Extractor  
  17  1:12  Spawning Pool  
  17  1:15  Drone x2  
  18  1:27  Drone  
  21  1:59  Queen x2  
  27  2:11  Overlord  
  28  2:20  Hatchery  
  27  2:23  Zergling x2  
  28  2:31  Extractor  
  28  2:34  Spore Crawler  
  26  2:41  Queen  
  26  2:44  Overlord  
  33  2:54  Metabolic Boost  
  41  3:20  Queen  
  41  3:21  Overlord  
  44  3:32  Queen  
  47  3:39  Queen  
  52  3:48  Zergling x6  
  58  4:14  Overlord  
  57  4:34  Queen x2  
  71  4:46  Zergling x6  
  71  4:51  Lair  
  77  5:00  Extractor x2  
  76  5:10  Spore Crawler x2  
  76  5:13  Extractor x3  
  75  5:15  Hatchery  
  78  5:25  Evolution Chamber x2  
  90  5:53  Zerg Missile Weapons Level 1, Zerg Ground Armor Level 1  
  90  5:54  Hydralisk Den  
  92  6:12  Hatchery  
  101  6:27  Grooved Spines  
  101  6:29  Hydralisk x4  
  109  6:35  Hydralisk x2  
  112  6:40  Hydralisk x4  
  136  7:07  Infestation Pit  
  142  7:18  Muscular Augments  
  160  7:45  Infestor  
  160  7:49  Zergling x6  
  173  8:12  Extractor x2  
  184  8:27  Zerg Missile Weapons Level 2, Zerg Ground Armor Level 2  
  185  8:50  Hive  
  185  8:51  Lurker Den  
  185  8:53  Baneling Nest  
Spawning Tool Build Advisor. Get it on Overwolf

Go to:

Details

  • Created by: xeekey
  • Published on: May 06, 2024
  • Modified on: May 06, 2024
  • Patch: 5.0.11
  • Difficulty: Hard
Show
View Real Time Build Order
Export as new Build Order

Comments (0)

There are no comments. Be the first!

Create an account to comment!